 Dungeon Crawl Stone Soup version 0.29.1-13-g9f3cf754e1 (webtiles) character file.

Game seed: 14419269632801892019

35 Vulpanium the Sneak (level 3, 0/28 HPs)
             Began as a Draconian Wanderer on Jan 23, 2023.
             Was a Believer of Vehumet.
             Slain by an orc
             ... wielding a +3 trident
              (5 damage)
             ... on level 3 of the Dungeon.
             The game lasted 00:05:06 (2015 turns).

Vulpanium the Sneak (Draconian Wanderer)            Turns: 2015, Time: 00:05:06

Health: 0/28       AC:  7    Str: 13    XL:     3   Next: 17%
Magic:  5/5        EV: 11    Int: 11    God:    Vehumet [**....]
Gold:   110        SH:  4    Dex: 14    Spells: 3/4 levels left

rFire   . . .      SeeInvis .   e - +2 mace (venom)
rCold   . . .      Faith    .   c - +0 buckler
rNeg    . . .      Spirit   .   (body armour unavailable)
rPois   .          Reflect  .   (helmet restricted)
rElec   .          Harm     .   h - +0 cloak
rCorr   .          Rampage  .   (no gloves)
Will    .....                   j - +0 pair of boots
Stlth   ++........              (no amulet)
HPRegen 0.09/turn               (no ring)
MPRegen 0.09/turn               (no ring)

@: no status effects
A: AC +5, unfitting armour, cold-blooded
a: Renounce Religion


You were on level 3 of the Dungeon.
You worshipped Vehumet.
Vehumet was pleased with you.
You visited 1 branch of the dungeon, and saw 3 of its levels.

You collected 110 gold pieces.

Inventory:

Hand Weapons
 a - a +2 dagger
 e - a +2 mace of venom (weapon)
Armour
 c - a +0 buckler (worn)
 h - a +0 cloak (worn)
 j - a +0 pair of boots (worn)
Scrolls
 b - a scroll of blinking
 f - 3 scrolls of identify {unknown}
 i - a scroll of teleportation {unknown}
 l - a scroll of fog {unknown}
Potions
 d - a potion of haste
 g - a potion of mutation {unknown}
 k - a potion of brilliance {unknown}


   Skills:
 + Level 1.1 Fighting
 * Level 1.2 Short Blades
 * Level 1.3 Maces & Flails
 * Level 0.6 Dodging
 - Level 2.6 Stealth
 + Level 1.4 Shields
 * Level 1.3 Spellcasting
 - Level 1.0 Summonings
 - Level 1.0 Invocations
 - Level 2.0 Evocations


You had 3 spell levels left.
You knew the following spells:

 Your Spells              Type           Power      Damage    Failure   Level
a - Summon Small Mammal   Summ           8%         N/A       26%         1

Your spell library contained the following spells:

 Spells                   Type           Power      Damage    Failure   Level
 Foxfire                  Conj/Fire      0%         2x1d4     38%         1
 Call Canine Familiar     Summ           2%         N/A       63%         3


Dungeon Overview and Level Annotations

Branches:
Dungeon (3/15)

Altars:
Vehumet

Shops:
D:2 =


Innate Abilities, Weirdness & Mutations

Your plain brown scales are hard. (AC +5)
You cannot fit into any form of body armour.
You are cold-blooded and may be slowed by cold attacks.


Message History

You climb downwards.
The orc shouts! x3
There is a stone staircase leading up here.
The orc attacks as you move away!
The orc hits you with a +2 vorpal hand axe.
The orc attacks as you move away! The orc barely misses you.
Found 13 gold pieces.
Found a stone staircase leading up.
The orc attacks as you move away! The orc misses you.
The orc hits you with a +2 vorpal hand axe.
The orc attacks as you move away! The orc hits you but does no damage.
The orc attacks as you move away!
The orc hits you with a +2 vorpal hand axe.
You hit the orc.
The orc is poisoned.
The orc is almost dead.
You kill the orc!
Vehumet accepts your kill.
You thump the orc!
You kill the orc!
Vehumet accepts your kill. The orc hits you with a +0 trident.
Items here: )) [ †.
You hit the orc.
The orc is poisoned.
The orc is almost dead.
You kill the orc!
Vehumet accepts your kill. The orc closely misses you.
The orc hits you from afar with a +3 trident.
The orc hits you but does no damage.
Things that are here:
a +0 trident; a +0 leather armour The orc attacks as you move away!
The orc hits you with a +3 trident.
* * * LOW HITPOINT WARNING * * *
You block the orc's attack.
Items here: )) [ †.
The orc hits you with a +3 trident.
* * * LOW HITPOINT WARNING * * *
You hit the orc.
The orc is poisoned.
The orc is severely wounded.
The orc hits you with a +3 trident.
You die...

###.#.###
#.......###.#
#.#.#........
#.###.#..<.......
#.........#####..
#####)##### #)#
#o# ### #@#...#
#.....#
#....<.....#
#.###.$....#
#.##..## #. ..#
#. ... .. ..## #.
##


You could see an orc (very poisoned).

Vanquished Creatures
  A dart slug (D:1)
  3 orcs (D:3)
  3 endoplasms
  A hobgoblin (D:1)
  3 jackals (D:2)
  2 quokkas (D:1)
  5 ball pythons
  3 bats
  A frilled lizard (D:1)
  4 goblins
  A rat (D:1)
27 creatures vanquished.

Vanquished Creatures (others)
  A plant (D:1)
1 creature vanquished.

Grand Total: 28 creatures vanquished

Notes
Turn   | Place    | Note
-------+----------+-------------------------------------------
     0 | D:1      | Vulpanium the Draconian Wanderer began the quest for the
                  | Orb.
     0 | D:1      | Vulpanium set off with the following items: a +2 dagger, a
                  | scroll of blinking, a +0 buckler, a potion of haste; and
                  | the following spell memorised: Summon Small Mammal; and the
                  | following spells available to memorise: Call Canine
                  | Familiar.
     0 | D:1      | Reached XP level 1. HP: 16/16 MP: 2/2
   404 | D:1      | Found a faded altar of an unknown god.
   410 | D:1      | Prayed at the altar of an unknown god.
   410 | D:1      | Became a worshipper of Vehumet
   410 | D:1      | Reached * piety under Vehumet
   410 | D:1      | Offered knowledge of Foxfire by Vehumet.
   573 | D:1      | Reached XP level 2. HP: 17/23 MP: 3/3
  1192 | D:2      | Reached skill level 1 in Maces & Flails
  1198 | D:2      | Reached skill level 1 in Short Blades
  1378 | D:2      | Reached XP level 3. HP: 28/28 MP: 5/5
  1549 | D:2      | Found Rujem's Jewellery Boutique.
  2008 | D:3      | Reached ** piety under Vehumet
  2015 | D:3      | Slain by an orc

Illustrated notes

Levels and vault maps discovered:
D:1:      saegor_arrival_miasma, layout_loops_ring,
          shapermc_ecumenical_altar_mp_vishouse, minmay_shallow_snake_nest
D:2:      layout_loops_ring, serial_shops, shop
D:3:      layout_loops_corners, grunt_ministairs_1, kennysheep_potato

Skill      XL: |  1  2 |
---------------+-------+-----
Maces & Flails | 1 |  1.3
Short Blades   | 1 |  1.2
Fighting       | |  1.1
Dodging        | |  0.6
Stealth        | |  2.6
Shields        | |  1.4
Spellcasting   | |  1.3
Summonings     | |  1.0
Invocations    | |  1.0
Evocations     | |  2.0

Action                   || total
-------------------------++-------
Melee: Mace              ||    43
       Dagger            ||     7
       Tailslap          ||     2
 Cast: Summon Small Mamm ||     2
 Stab: Distracted        ||     1
       Sleeping          ||     1
Armor: Skin              ||    20
Dodge: Dodged            ||    26
Block: Buckler           ||    11
